AoeStats
← Danger

Arabia

509763374Analyzed
1v1 RM · 4d ago on Sep 27, 2026· 48m 24s· 2 players
Game mode
Random Map
Map size
Tiny (2 player)
Population
200
Speed
Normal
Resources
Standard
Victory
Conquest
Starting age
Dark Age
Ending age
Imperial Age
RankedLock teamsTeams togetherTeam positionsShared explorationLock speedFull tech treeHidden civsTurbo modeCheats
Victory
Defeat
🇧🇷 Burgundians · Brazil
1121
+16
🇲🇽 Inca · Mexico
1118
-16
Danger
8:55 Feudal Age
8:59 Champi Runner
14:10 Loom
15:35 Forging
16:10 Arson
16:49 Scale Mail Armor
19:31 Double-Bit Axe
19:37 Horse Collar
24:01 Castle Age
24:47 Squires
26:39 Wheelbarrow
25:34 Champi Warrior
27:53 Chain Mail Armor
28:25 Pikeman
30:24 Fletching
35:49 Iron Casting
37:58 Gold Mining
Pancho
5:57 Loom
9:11 Feudal Age
10:03 Double-Bit Axe
10:03 Horse Collar
18:41 Fletching
20:45 Gold Mining
23:27 Castle Age
23:52 Forging
23:31 Cavalier
24:12 Husbandry
29:54 Scale Barding Armor
34:14 Chain Barding Armor
36:16 Wheelbarrow
35:29 Town Watch
37:00 Bow Saw
36:51 Heavy Plow
40:33 Imperial Age
39:02 Hand Cart
42:09 Iron Casting
43:44 Plate Barding Armor
43:33 Stone Mining
43:35 Elite Skirmisher
44:26 Bodkin Arrow
44:32 Padded Archer Armor
45:42 Two-Man Saw
45:13 Crop Rotation
46:15 Bracer
46:31 Leather Archer Armor
46:59 Paladin
48:54 Blast Furnace
49:09 Chemistry
48:20 Light Cavalry
Connection lost

Rejoining the realm…

Still unreachable

The connection could not be restored.

Session expired

The server has moved on; the page needs a fresh start.